 Dungeon Crawl Stone Soup version 0.31-a0-940-gdaa99269f9 (webtiles) character file.

Game seed: 17052388264444161005

687637 niangp the Conqueror (level 27, 0/267 (273) HPs)
             Began as a Minotaur Berserker on Oct 20, 2023.
             Was an Initiate of Gozag.
             Engulfed by a putrid mouth's foul pestilence (15 damage)
             ... called by a doom hound
             ... on level 2 of Tartarus.
             The game lasted 02:38:46 (65471 turns).

niangp the Conqueror (Minotaur Berserker)          Turns: 65471, Time: 02:38:47

HP:   0/267 (273)   AC: 56    Str: 27    XL:     27
MP:   22/22         EV:  8    Int:  8    God:    Gozag
Gold: 283           SH: 35    Dex: 12    Spells: 26/26 levels left

rFire   + + +        E - +8 trishula "Condemnation" {holy, anguish, *Noise Fly rN+}
rCold   + + .        y - +18 shield of the Gong {Loud rN+ Will+ rCorr EV-5}
rNeg    + + .        c - +9 scales of the Dragon King {rPois rF+ rC+ Will+}
rPois   +            m - +1 hat {Will+}
rElec   +            k - +2 cloak of the Thief {*Fog Slay-2 SInv Stlth+}
rCorr   +            V - +3 pair of gloves of Akhlenwat {rPois rF+ Slay+3}
SInv    +            v - +3 pair of mountain boots {steadfast, rC+}
Will    ++...        Q - amulet of the Air {Inacc Air Fly rElec RMsl} Stlth
                     J - ring of Huock {Fly rF+ Will+++ Str-4 Int+3}
HPRegen 1.44/turn    K - ring of False Pretenses {rPois rF+ AC+4 Int-3 Dex+3}
MPRegen 0.18/turn

%: inaccuracy (-5), repel missiles
@: lethally poisoned (0 -> -20), flying, slowed, studying 4 skills, lightly
drained, weak-willed, very slow
A: horns 2, retaliatory headbutt, clumsy 1, regeneration 1, shaggy fur 1
}: 4/15 runes: decaying, serpentine, slimy, silver
a: Renounce Religion, Potion Petition, Call Merchant, Bribe Branch


You were on level 2 of Tartarus.
You worshipped Gozag.
Gozag was aware of your devotion.
You visited 12 branches of the dungeon, and saw 53 of its levels.
You visited 1 bazaar.
You visited 1 ziggurat, and saw 17 of its levels.
You also visited: Trove, Bailey and Ice Cave.

You collected 8721 gold pieces.
You spent 5209 gold pieces at shops.
You paid 3229 gold pieces to Gozag.

Inventory:

Hand Weapons
 a - the +8 mithril axe "Arga" {speed, Will+}
   (You took it off an orc knight in a bailey)

   Will+:     It increases your willpower.
 E - the +8 trishula "Condemnation" (weapon) {holy, anguish, *Noise Fly rN+}
   (You found it on level 3 of the Swamp)

   rN+:       It protects you from negative energy.
   Fly:       It grants you flight.
   *Noise:    It may make a loud noise when swung.
 N - a +9 broad axe of holy wrath
Missiles
 o - 23 boomerangs
 D - a throwing net
 L - 20 silver javelins
 M - 9 javelins
Armour
 c - the +9 scales of the Dragon King (worn) {rPois rF+ rC+ Will+}
   (You found it on level 14 of a ziggurat)

   rF+:       It protects you from fire.
   rC+:       It protects you from cold.
   rPois:     It protects you from poison Will+: It increases your willpower.
 d - +7 gold dragon scales
 k - the +2 cloak of the Thief (worn) {*Fog Slay-2 SInv Stlth+}
   (You found it on level 3 of the Crypt)

   *Fog:      It may release a thick cloud of smoke when the wearer is hurt.
   Slay-2:    It affects your accuracy & damage with ranged weapons and melee
   (-2).
   SInv:      It lets you see invisible.
   Stlth+:    It makes you more stealthy.
 m - a +1 hat of willpower (worn)
 q - a +3 tower shield of reflection
 v - the +3 pair of mountain boots (worn) {steadfast, rC+}
   (You found it on level 5 of the Pits of Slime)

   Steadfast: It prevents involuntary movement, except for blinking,
   teleportation, or banishment.
   rC+:       It protects you from cold.
 y - the +18 shield of the Gong (worn) {Loud rN+ Will+ rCorr EV-5}
   (You bought it in a shop on level 3 of the Depths)

   Loud:      It is deafeningly noisy when blocking attacks.
   EV-5:      It affects your evasion (-5).
   rN+:       It protects you from negative energy.
   Will+:     It increases your willpower.
   rCorr:     It protects you from acid and corrosion.
 I - the +8 plate armour "Moarodoarph" {rElec Dex+4 SInv Stlth+}
   (You bought it in a shop on level 2 of the Orcish Mines)

   Dex+4:     It affects your dexterity (+4).
   rElec:     It insulates you from electricity.
   SInv:      It lets you see invisible.
   Stlth+:    It makes you more stealthy.
 V - the +3 pair of gloves of Akhlenwat (worn) {rPois rF+ Slay+3}
   (You found it on level 5 of the Vaults)

   Slay+3:    It affects your accuracy & damage with ranged weapons and melee
   (+3).
   rF+:       It protects you from fire.
   rPois:     It protects you from poison
Jewellery
 J - the ring of Huock (left hand) {Fly rF+ Will+++ Str-4 Int+3}
   (You found it on level 3 of the Crypt)

   [ring of flight]

   Str-4:     It affects your strength (-4).
   Int+3:     It affects your intelligence (+3).
   rF+:       It protects you from fire.
   Will+++:   It greatly increases your willpower.
   Fly:       It grants you flight.
 K - the ring of False Pretenses (right hand) {rPois rF+ AC+4 Int-3 Dex+3}
   (You acquired it in a bailey)

   [ring of protection]

   AC+4:      It affects your AC (+4).
   Int-3:     It affects your intelligence (-3).
   Dex+3:     It affects your dexterity (+3).
   rF+:       It protects you from fire.
   rPois:     It protects you from poison
 Q - the amulet of the Air (around neck) {Inacc Air Fly rElec RMsl}
   (You found it on level 13 of a ziggurat)

   [amulet of nothing]

   Inacc:     It reduces the accuracy of your attacks and spells.
   Air:       It enhances your air magic.
   rElec:     It insulates you from electricity.
   Fly:       It grants you flight.
   RMsl:      It protects you from missiles.
 T - the amulet "Peuhus" {RegenMP Rampage Will++ rCorr Str+3}
   (You found it on level 4 of the Lair of Beasts)

   [amulet of magic regeneration]

   RegenMP:   It increases your rate of magic regeneration.
   Str+3:     It affects your strength (+3).
   Will++:    It greatly increases your willpower.
   rCorr:     It protects you from acid and corrosion.
   Rampage:   It bestows one free step when moving towards enemies.
Wands
 u - a wand of digging (22)
 x - a wand of mindburst (67)
 P - a wand of light (53)
 U - a wand of iceblast (85)
 W - a wand of flame (84) (quivered)
Scrolls
 b - a scroll of brand weapon
 h - 26 scrolls of teleportation
 p - 11 scrolls of fog
 r - 4 scrolls of immolation
 t - a scroll of fear
 w - 10 scrolls of revelation
 A - 5 scrolls of enchant weapon
 G - 4 scrolls of blinking
Potions
 e - 9 potions of cancellation
 g - 2 potions of heal wounds
 i - 2 potions of might
 j - 2 potions of haste
 n - 10 potions of mutation
 z - 22 potions of curing
 Y - 2 potions of resistance
Miscellaneous
 X - a phantom mirror


   Skills:
 O Level 27 Fighting
 O Level 27 Axes
 + Level 16.6(23.6) Polearms
 * Level 13.5 Throwing
 O Level 27 Armour
 * Level 16.1 Dodging
 - Level 9.6 Stealth
 O Level 27 Shields
 * Level 13.4 Evocations


You had 26 spell levels left.
You didn't know any spells.
Your spell library was empty.

Dungeon Overview and Level Annotations

Branches:
Dungeon (15/15)            Temple (0/1) D:6            Lair (5/5) D:11
  Swamp (4/4) Lair:2        Snake (4/4) Lair:2        Slime (5/5) Lair:4
    Orc (2/2) D:12            Elf (3/3) Orc:2        Vaults (5/5) D:14
  Crypt (3/3) Vaults:3       Tomb (0/3) Crypt:3      Depths (4/4) D:15
   Hell (visited)             Dis (0/7) Hell            Geh (0/7) Hell
    Coc (0/7) Hell            Tar (2/7) Hell            Zot (0/5) Depths:4
 Bailey (visited)           IceCv (visited)

Altars:
Ashenzari
Dithmenos
Elyvilon
Gozag
Hepliaklqana
Kikubaaqudgha
Okawaru
Ru
Sif Muna
Trog
Wu Jian
Xom
Yredelemnul
Zin
Jiyva

Shops:
D:4 =   Orc:1 !   Orc:2 *=[!   Elf:1 =((   Vaults:4 !   Vaults:5 (
Depths:3 ?[[   Depths:4 ?

Portals:
Hell: Depths:1 Depths:2 Depths:3 Depths:4
Abyss: Depths:1 Depths:3
Pandemonium: Depths:2


Innate Abilities, Weirdness & Mutations

You have a pair of horns on your head.
You reflexively headbutt those who attack you in melee.
You are clumsy. (Dex -2)
Your natural rate of healing is unusually fast.
You are covered in fur. (AC +1)


Message History

A tormentor comes into view.
The tormentor calls on the powers of darkness!
Your body is wracked with pain!
* * * LOW HITPOINT WARNING * * *
The putrid mouth throws miasma at you.
The foul vapour engulfs the tormentor.
The tormentor completely resists.
A Tzitzimitl opens the door.
The putrid mouth howls a warning cry!
You are engulfed in dark miasma.
You are poisoned.
* * * LOW HITPOINT WARNING * * *
You feel very sick.
The doom hound barks!
The tormentor closely misses you. You furiously retaliate!
You headbutt the tormentor!! You block the tormentor's attack.
BOUMMMMG!
There is an open door here.
You feel better. You block the tormentor's attack.
SHROANNG!
You block the tormentor's attack.
PANG!
You block the tormentor's attack.
GONNNNG!
You block the tormentor's attack.
BONNNG!
The tormentor calls on the powers of darkness!
Your body is wracked with pain!
* * * LOW HITPOINT WARNING * * *
The putrid mouth throws miasma at you.
The foul vapour engulfs the doom hound.
The doom hound completely resists.
There is a gateway leading out of Tartarus here.
Unknown command.
Unknown command.
Unknown command.
Unknown command.
You are engulfed in dark miasma.
You are lethally poisoned!
You feel as though you will be slow longer.
You die...
Your body crumbles into a pile of gold.

####### ##..+..###
#..##....+
#..'.....# #
#..#.....# '
#..##@#+####.#
##^.#2#°...#'#
#..#h°......##.....'
#..°W°°......#.....
#+##1.°......#....#
#...°.W......#....+
#.....#'##...'....#
##.....'..###.#...
#..###'#....###°###


You could see a doom hound, a Tzitzimitl, 2 putrid mouths and a tormentor.

Vanquished Creatures
  the Royal Jelly (Slime:5)
  3 ancient liches
  3 dread liches
  3 juggernauts
  A royal mummy (Zig:7)
  Boris (twice) (Crypt:3 Depths:1)
  Saint Roka (Elf:2)
  Vashnia (Snake:4)
  2 caustic shrikes
  Geryon (Hell)
  The ghost of Zievuyg the Executioner, an adept MiFi of the Shining One (Crypt:1)
  7 golden dragons
  Nikola (Elf:1)
  6 bone dragons
  Jory (Crypt:3)
  A doom hound (Tar:2)
  Norris (Elf:3)
  The ghost of Goociwk the Warrior, an adept GrFi of Cheibriados (Crypt:1)
  4 Tzitzimimeh (Tar:2)
  An iron giant (Zig:4)
  7 hellephants
  Jorgrun (D:12)
  6 Ice Fiends (Zig:17)
  Zenata (Elf:3)
  A walking earthen tome (Depths:3)
  9 tentacled monstrosities
  A shard shrike skeleton (Crypt:1)
  Mlioglotl (Snake:3)
  2 deep elf blademasters
  4 liches
  7 titans
  A deep elf master archer (Elf:3)
  20 acid blobs
  A walking divine tome (Depths:3)
  5 sphinxes
  2 tentacled starspawn (Zig:12)
  8 ancient champions
  5 shadow dragons
  8 tengu reavers
  5 storm dragons
  Donald (Swamp:2)
  5 thorn hunters
  Kirke (Swamp:2)
  A fenstrider witch (Zig:16)
  The ghost of Kevimi the Acrobat, an adept FeNe of Sif Muna (Vaults:2)
  8 azure jellies
  5 fire giants
  The ghost of SirDiesAlot the Thaumaturge, an adept OpFE of Gozag (Swamp:3)
  8 revenants
  3 narguns (Zig:17)
  Roxanne (Swamp:4)
  A draconian monk (Depths:4)
  5 nagarajas
  3 deep elf elementalists (Elf:3)
  12 frost giants
  13 rockslimes
  4 iron dragons
  2 quicksilver elementals (Zig:11)
  7 deep elf sorcerers
  3 spectral juggernauts
  A draconian scorcher (Depths:4)
  18 vault wardens
  2 orc warlords
  A juggernaut zombie (Zig:7)
  A balrug (Zig:12)
  8 curse skulls
  12 quicksilver oozes
  Louise (Elf:3)
  2 spriggan defenders
  10 very ugly things
  10 ghouls
  3 war gargoyles
  A cacodemon (D:11)
  A juggernaut skeleton (Depths:1)
  28 ironbound preservers
  2 formless jellyfish
  5 ironbound thunderhulks
  4 reapers
  14 stone giants
  A stone giant (shapeshifter) (D:15)
  6 deep elf demonologists
  3 putrid mouths
  11 vampire knights
  4 deep elf annihilators
  8 wendigos (Zig:17)
  8 bunyips
  4 eleionomae
  2 red draconians (Depths:4)
  15 dire elephants
  A black draconian (Depths:4)
  12 spark wasps
  A spectral titan (Tar:2)
  A yellow draconian (Depths:4)
  3 blizzard demons
  The ghost of bchevrier the Martial Artist, a journeyman GnWn of Jiyva (D:11)
  An ettin (shapeshifter) (Elf:2)
  The ghost of Scrimshaw the Mimic, a journeyman OpSh of Gozag (Lair:1)
  14 ettins
  2 green deaths (Zig:16)
  2 mummy priests
  9 deep elf death magi
  3 merfolk javelineers (Zig:15)
  2 eidola
  A shambling mangrove (Swamp:4)
  10 great orbs of eyes
  15 yaktaur captains
  5 entropy weavers
  5 fire dragons
  2 spectral spriggans (Tar:1)
  5 deep elf high priests
  A spectral fenstrider witch (Tar:1)
  8 ice dragons
  2 merfolk impalers (Zig:15)
  15 jiangshi
  6 rakshasas
  2 caustic shrike simulacra
  Erolcha (Orc:1)
  2 spriggan air magi (Depths:3)
  5 salamander tyrants
  3 ogre magi
  35 hydras
  17 alligators
  5 boulder beetles
  13 centaur warriors
  A spriggan skeleton (Depths:1)
  Erica (D:8)
  13 ironbound frosthearts
  5 death knights
  7 death yaks (Lair:5)
  11 anacondas
  3 ghost crabs
  A sphinx skeleton (Crypt:3)
  35 vault guards
  5 merfolk aquamancers (Zig:15)
  7 naga warriors
  30 dancing weapons
  5 deep troll shamans
  An Orb Guardian skeleton (Crypt:1)
  3 tengu warriors
  3 deep troll earth magi
  11 two-headed ogres
  12 vampire magi
  12 shock serpents
  5 hell hogs
  7 orc high priests
  A titan skeleton (Zig:7)
  A spectral dire elephant (Tar:2)
  6 spriggan berserkers
  3 thrashing horrors (Zig:12)
  8 hell knights
  5 sun demons (Hell)
  8 soul eaters
  The ghost of Wozol the Mimic, a journeyman FeSh of Wu Jian (D:12)
  13 deep elf knights
  18 naga sharpshooters
  5 salamander mystics
  7 skysharks
  2 wretched stars (Zig:12)
  5 arcanists
  10 iron trolls
  A spark wasp zombie (Crypt:3)
  8 shadow wraiths
  10 flayed ghosts
  5 goliath frogs
  68 deep trolls
  38 skeletal warriors
  2 glowing orange brains
  3 shadow demons
  The ghost of Hubris850 the Grappler, a novice DrSh of Makhleb (D:9)
  An anaconda zombie (Hell)
  An orb spider (shapeshifter) (Depths:2)
  7 large abominations (Zig:12)
  3 death drakes
  A swamp dragon (shapeshifter) (D:11)
  An orange crystal statue (Vaults:1)
  A death drake (shapeshifter) (D:11)
  4 sea snakes (Zig:15)
  A quicksilver dragon simulacrum (Crypt:1)
  An obsidian statue (IceCv)
  4 occultists
  15 swamp dragons
  4 spriggan druids
  20 ironbound convokers
  6 naga ritualists
  15 lindwurms
  A kraken simulacrum (Hell)
  A spectral iron dragon (Tar:2)
  3 spriggan simulacra
  10 phantasmal warriors
  8 orc knights
  31 deep elf zephyrmancers
  An alligator zombie (Hell)
  11 deep elf archers
  A wolf spider zombie (D:13)
  An orc sorcerer (Zig:5)
  6 harpies
  21 salamanders
  21 bog bodies
  A wolf spider (shapeshifter) (Vaults:4)
  6 necromancers
  23 deep elf pyromancers
  11 mana vipers
  2 oklob plants (Lair:5)
  2 shining eyes
  32 ugly things
  A wolf spider (Vaults:5)
  A spectral ettin (Tar:1)
  A shadow dragon skeleton (Crypt:3)
  A goliath frog skeleton (Crypt:2)
  4 manticores
  2 centaur zombies (D:13)
  5 will-o-the-wisps
  8 cyclopes
  16 elephants
  5 water nymphs (Zig:15)
  A guardian serpent (Zig:1)
  16 naga magi
  An iron dragon skeleton (Crypt:3)
  3 merfolk sirens (Zig:15)
  An ice statue (Hell)
  4 molten gargoyles (Hell)
  A frost giant zombie (Depths:1)
  7 rust devils (Hell)
  3 moths of wrath (Vaults:2)
  33 black mambas
  An apocalypse crab (Zig:12)
  2 torpor snails
  A black mamba (shapeshifter) (Vaults:5)
  12 smoke demons
  13 vault sentinels
  A dire elephant skeleton (Crypt:1)
  4 centaur skeletons (D:14)
  A yaktaur (shapeshifter) (Vaults:5)
  A minotaur zombie (Crypt:1)
  12 cane toads
  2 gargoyles
  A kobold demonologist (D:10)
  A swamp worm zombie (Crypt:3)
  A komodo dragon (shapeshifter) (D:15)
  A sea snake zombie (Hell)
  A yellow draconian zombie (Crypt:1)
  13 rime drakes
  2 tormentors
  17 freezing wraiths
  10 guardian mummies
  4 hellions
  An ice devil (IceCv)
  34 yaktaurs
  3 ancient zymes (Zig:12)
  A black draconian skeleton (Crypt:3)
  2 efreet
  16 komodo dragons
  2 anaconda simulacra
  A redback zombie (D:13)
  A hydra zombie (Hell)
  Jeremiah (D:7)
  4 merfolk (Zig:15)
  A spectral naga (Tar:2)
  4 tengu conjurers
  A sea snake skeleton (Hell)
  2 silent spectres
  A wind drake (Zig:15)
  2 spectral harpies
  5 tyrant leeches
  A bloated husk (Swamp:4)
  A tengu simulacrum (Zig:17)
  12 trolls
  14 hornets
  6 polar bears
  5 alligator simulacra
  A raiju (Zig:12)
  Prince Ribbit (D:7)
  20 blink frogs
  8 dream sheep (Lair:5)
  Grinder (D:3)
  A death drake skeleton (Crypt:2)
  A blink frog (shapeshifter) (D:12)
  A snapping turtle (Zig:15)
  A human simulacrum (Crypt:1)
  3 jumping spiders
  69 slime creatures
  18 flying skulls
  A frost giant simulacrum (Depths:1)
  A centaur simulacrum (D:10)
  An ettin skeleton (Depths:1)
  A meliai zombie (D:13)
  2 ynoxinuls (Zig:12)
  An air elemental (Elf:2)
  A black mamba zombie (Crypt:1)
  4 shadows
  4 spriggans
  4 water elementals
  2 vampires
  13 wraiths
  7 wyverns
  4 dire elephant simulacra
  42 yaks
  6 fire elementals
  5 golden eyes (Slime:5)
  2 neqoxecs (D:11)
  8 vampire mosquitoes
  5 basilisks
  5 steam dragons
  2 golden eyes (shapeshifter)
  A redback (shapeshifter) (Depths:3)
  2 minotaur simulacra (D:15)
  3 redbacks
  2 harpy simulacra (IceCv)
  A fire bat zombie (Crypt:3)
  46 nagas
  19 swamp worms
  5 wargs
  4 acid dragons
  3 hydra simulacra
  26 water moccasins
  2 hell hounds (Hell)
  4 floating eyes
  An ice beast (shapeshifter) (D:11)
  29 orc warriors
  A sky beast (D:7)
  13 swamp drakes
  5 ice beasts
  An ettin simulacrum (IceCv)
  A demonspawn skeleton (Crypt:2)
  A hornet zombie (D:13)
  12 ogres
  20 wolves
  2 boggarts
  6 centaurs
  A komodo dragon zombie (Crypt:2)
  12 kobold brigands
  17 bullfrogs
  4 earth elementals
  A gnoll sergeant (D:9)
  8 necrophages
  5 deep troll simulacra
  4 scorpions
  15 killer bees
  A shapeshifter zombie (Crypt:3)
  A warg skeleton (Crypt:1)
  6 lindwurm simulacra
  A yak skeleton (Crypt:2)
  3 electric eels
  5 howler monkeys
  7 jellies
  A human zombie (D:10)
  47 orc priests
  4 hounds
  A bullfrog skeleton (Crypt:1)
  6 iguanas
  14 orc wizards
  Terence (D:2)
  A human skeleton (D:10)
  An iguana (shapeshifter) (D:11)
  15 hell rats
  7 mummies (Zig:7)
  Robin (D:2)
  3 gnolls (D:9)
  6 adders
  A shadow imp (D:6)
  3 white imps
  An ufetubus (D:6)
  A lava snake skeleton (Crypt:1)
  A lava snake zombie (Crypt:1)
  3 worms
  4 dart slugs
  87 orcs
  4 ball pythons
  7 bats
  8 endoplasms
  2 giant cockroaches (D:4)
  A gnoll zombie (Crypt:2)
  14 goblins
  10 hobgoblins
  9 jackals (D:1)
  5 quokkas
  3 frilled lizards
  A gnoll skeleton (Crypt:2)
  A goblin skeleton (D:10)
  22 kobolds
  6 rats
  7 starspawn tentacles
  A tentacle (Hell)
2497 creatures vanquished.

Vanquished Creatures (collateral kills)
  A golden dragon (Vaults:5)
  An iron giant (Zig:11)
  A Hell Sentinel (Zig:11)
  A deep elf blademaster (Elf:3)
  6 acid blobs
  An ancient champion (Crypt:3)
  A storm dragon (Depths:4)
  A rockslime (Slime:5)
  2 azure jellies (Slime:5)
  A vault warden (Vaults:5)
  An iron dragon (Zig:11)
  2 quicksilver elementals (Zig:11)
  A deep elf sorcerer (Elf:3)
  A deep elf elementalist (Elf:3)
  A reaper (Hell)
  2 war gargoyles (Zig:11)
  A quicksilver ooze (Slime:5)
  An ironbound preserver (Vaults:5)
  A vampire knight (Zig:9)
  A green draconian (Depths:4)
  A dire elephant (Zig:14)
  A red draconian (Depths:4)
  2 ettins
  A deep elf death mage (Elf:3)
  2 iron golems (Zig:11)
  Josephine (Orc:2)
  A deep elf high priest (Elf:3)
  A hydra (D:12)
  A salamander tyrant (Snake:4)
  3 vault guards
  2 two-headed ogres (D:15)
  3 naga warriors (Snake:4)
  A vampire mage (Zig:8)
  5 dancing weapons
  3 naga sharpshooters (Snake:4)
  2 deep elf knights
  2 soul eaters (Hell)
  A crystal echidna (Zig:11)
  A sun demon (Hell)
  A skeletal warrior (D:15)
  A phantasmal warrior (Zig:9)
  A naga ritualist (Snake:4)
  2 deep elf archers (Elf:3)
  A deep elf zephyrmancer (Elf:3)
  2 deep elf pyromancers
  A shining eye (Slime:1)
  2 manticores (Zig:15)
  2 elephants (Zig:14)
  An eye of devastation (Slime:1)
  A merfolk siren (Zig:15)
  2 black mambas (Snake:4)
  2 rust devils (Hell)
  A hellion (Zig:11)
  A cane toad (Zig:14)
  An anaconda simulacrum (IceCv)
  5 freezing wraiths
  2 tormentors (Zig:11)
  2 merfolk (Zig:15)
  2 snapping turtles (Zig:15)
  A slime creature (Slime:1)
  A golden eye (Slime:5)
  7 nagas (Snake:4)
  A hell hound (Hell)
  2 orc warriors (Orc:2)
  An ogre (D:15)
  2 lindwurm simulacra (IceCv)
  An orc wizard (Orc:2)
  A gnoll (D:9)
  2 orcs (Orc:2)
  A tentacle (Hell)
115 creatures vanquished.

Vanquished Creatures (others)
  A dread lich (Crypt:3)
  A Tzitzimitl (Tar:2)
  A lich (Crypt:3)
  An Ice Fiend (Zig:17)
  A curse skull (Zig:15)
  An iron dragon (Hell)
  A reaper (Crypt:3)
  A stone giant (Tar:1)
  A vampire knight (Crypt:1)
  A blizzard demon (Hell)
  A hell beast (Hell)
  A skeletal warrior (Crypt:3)
  A flayed ghost (Crypt:1)
  A large abomination (Zig:12)
  A tormentor (Tar:2)
  3 bloated husks (Swamp:2)
  An air elemental (Elf:3)
  A wyvern (Zig:13)
  2 humans
  2 swamp worms
  A glowing shapeshifter simulacrum (Zig:17)
  An orc wizard (D:12)
  A hell rat (Hell)
  An orc (Vaults:5)
  12 foxfires
  2 starspawn tentacles (Zig:12)
  5 tentacles (Hell)
47 creatures vanquished.

Grand Total: 2659 creatures vanquished

Notes
Turn   | Place    | Note
-------+----------+-------------------------------------------
     0 | D:1      | niangp the Minotaur Berserker began the quest for the Orb.
     0 | D:1      | Reached XP level 1. HP: 19/19 MP: 0/0
    65 | D:1      | Found a faded altar of an unknown god.
   145 | D:1      | Reached XP level 2. HP: 24/27 MP: 1/1
   604 | D:1      | Reached XP level 3. HP: 31/33 MP: 2/2
   652 | D:1      | Reached ** piety under Trog
  1418 | D:2      | Reached XP level 4. HP: 38/41 MP: 3/3
  1531 | D:2      | Noticed Terence
  1539 | D:2      | Killed Terence
  1540 | D:2      | Reached skill level 5 in Axes
  1748 | D:2      | Noticed Robin
  1754 | D:2      | Killed Robin
  2085 | D:3      | Noticed Grinder
  2094 | D:3      | Killed Grinder
  2095 | D:3      | Reached skill level 5 in Fighting
  2095 | D:3      | Reached XP level 5. HP: 48/48 MP: 4/4
  2095 | D:3      | Reached XP level 6. HP: 56/56 MP: 5/5
  2338 | D:3      | Found a sacrificial altar of Ru.
  2440 | D:3      | Found a broken altar of Ashenzari.
  2447 | D:3      | Found a white marble altar of Elyvilon.
  3026 | D:4      | Reached skill level 1 in Throwing
  3100 | D:4      | Found an ornate altar of the Wu Jian Council.
  3242 | D:4      | Found Wamubb's Jewellery Shop.
  3327 | D:4      | Reached XP level 7. HP: 63/63 MP: 6/6
  3355 | D:5      | Entered Level 5 of the Dungeon
  3556 | D:5      | Found the +7 Kryia's mail coat {PotionHeal*2 rC+}
  3695 | D:5      | Found a glowing silver altar of Zin.
  3907 | D:5      | Reached *** piety under Trog
  4569 | D:6      | Reached skill level 5 in Armour
  4632 | D:6      | Noticed a troll
  4635 | D:6      | Reached XP level 8. HP: 63/73 MP: 7/7
  4644 | D:6      | Killed a troll
  4652 | D:6      | Reached skill level 1 in Stealth
  4790 | D:6      | Reached XP level 9. HP: 81/81 MP: 8/8
  4873 | D:6      | Found a staircase to the Ecumenical Temple.
  5162 | D:7      | Found a flagged portal.
  5178 | Bailey   | Entered a bailey
  5277 | Bailey   | Reached **** piety under Trog
  5536 | Bailey   | Noticed an orc knight
  5553 | Bailey   | Killed an orc knight
  5554 | Bailey   | Reached skill level 10 in Axes
  5714 | Bailey   | Noticed an orc knight
  5725 | Bailey   | Killed an orc knight
  5726 | Bailey   | Reached skill level 5 in Throwing
  5843 | Bailey   | Found a bloodstained altar of Trog.
  5887 | Bailey   | Identified a scroll of acquirement
  5887 | Bailey   | Acquired the ring of False Pretenses {rPois rF+ AC+4 Int-3
                  | Dex+3}
  5958 | D:7      | Reached XP level 10. HP: 91/91 MP: 9/9
  6036 | D:7      | Found a hazy altar of Hepliaklqana.
  6106 | D:7      | Noticed Prince Ribbit
  6114 | D:7      | Killed Prince Ribbit
  6324 | D:7      | Noticed Jeremiah
  6341 | D:7      | Killed Jeremiah
  6663 | D:8      | Reached skill level 10 in Fighting
  7052 | D:8      | Identified the +0 robe "Mavaes" {Fly rF+ rCorr Dex-5}
  7231 | D:8      | Noticed a two-headed ogre
  7236 | D:8      | Killed a two-headed ogre
  7262 | D:8      | Noticed Erica
  7268 | D:8      | Killed Erica
  7736 | D:9      | Reached XP level 11. HP: 101/101 MP: 10/10
  8169 | D:9      | Reached skill level 5 in Dodging
  8215 | D:9      | Found an iron altar of Okawaru.
  8339 | D:9      | Found a runed translucent door.
  8489 | D:9      | Noticed Hubris850's ghost (novice DrSh)
  8508 | D:9      | Killed Hubris850's ghost
  8509 | D:9      | Reached skill level 1 in Shields
  8613 | D:10     | Entered Level 10 of the Dungeon
  8667 | D:10     | Noticed a two-headed ogre
  8681 | D:10     | Killed a two-headed ogre
  8882 | D:10     | Found a runed translucent door.
  8893 | D:10     | Found a basalt altar of Yredelemnul.
  8898 | D:10     | Reached ***** piety under Trog
  9042 | D:10     | Noticed a two-headed ogre
  9053 | D:10     | Killed a two-headed ogre
  9331 | D:10     | Noticed a centaur warrior
  9340 | D:10     | Killed a centaur warrior
  9653 | D:10     | Noticed a boulder beetle
  9663 | D:10     | Killed a boulder beetle
  9862 | D:11     | You fall into a shaft and drop 3 floors!
  9863 | D:14     | Noticed a two-headed ogre
  9863 | D:14     | Noticed an ogre mage
  9875 | D:14     | Killed an ogre mage
  9876 | D:14     | Reached XP level 12. HP: 113/113 MP: 11/11
  9879 | D:14     | Killed a two-headed ogre
 10032 | D:14     | Reached skill level 15 in Axes
 10038 | D:14     | Found a gate to the Vaults.
 10058 | D:14     | Found a sacrificial altar of Ru.
 10320 | D:11     | Noticed a boulder beetle
 10328 | D:11     | Killed a boulder beetle
 10672 | D:11     | Found a staircase to the Lair.
 10986 | D:11     | Found a runed translucent gate.
 10986 | D:11     | Found a runed translucent gate.
 10986 | D:11     | Found a runed translucent gate.
 11009 | D:11     | Reached XP level 13. HP: 125/125 MP: 12/12
 11018 | D:11     | Found a runed translucent gate.
 11018 | D:11     | Found a runed translucent gate.
 11019 | D:11     | Noticed bchevrier's ghost (journeyman GnWn)
 11023 | D:11     | Found a runed translucent gate.
 11023 | D:11     | Noticed a cacodemon
 11049 | D:11     | Lost intelligence.
 11058 | D:11     | Gained mutation: You are occasionally teleported next to
                  | monsters. [a cacodemon]
 11060 | D:11     | Killed a cacodemon
 11061 | D:11     | Reached skill level 15 in Fighting
 11065 | D:11     | Killed bchevrier's ghost
 11066 | D:11     | Reached skill level 10 in Armour
 11095 | D:11     | Gained mutation: Armour fits poorly on your strangely
                  | shaped body. [mutagenic glow]
 11107 | D:11     | Lost mutation: Armour fits poorly on your strangely shaped
                  | body. [potion of mutation]
 11107 | D:11     | Lost mutation: You are occasionally teleported next to
                  | monsters. [potion of mutation]
 11107 | D:11     | Gained mutation: You possess an exceptional clarity of
                  | mind. [potion of mutation]
 11107 | D:11     | Gained mutation: You are strong-willed. (Will+) [potion of
                  | mutation]
 11156 | D:12     | Received a gift from Trog
 11323 | D:12     | Identified the +0 ring mail "Icwit" {rElec rCorr Int-4}
 11523 | D:12     | Found a shadowy altar of Dithmenos.
 11809 | D:12     | Noticed Jorgrun
 11820 | D:12     | Killed Jorgrun
 11825 | D:12     | Found a runed translucent door.
 11826 | D:12     | Found a shimmering altar of Xom.
 11826 | D:12     | Noticed Wozol's ghost (journeyman FeSh)
 11857 | D:12     | Killed Wozol's ghost
 12127 | D:12     | Found a staircase to the Orcish Mines.
 12556 | D:13     | Reached XP level 14. HP: 133/138 MP: 13/13
 13265 | D:14     | Paralysed by a hornet for 3 turns
 13269 | D:14     | Received a gift from Trog
 13831 | IceCv    | Identified the of Kielybly
 13831 | D:15     | Entered Level 15 of the Dungeon
 13838 | D:15     | Reached skill level 5 in Shields
 13859 | D:15     | Found a staircase to the Depths.
 13909 | D:15     | Found a frozen archway.
 13971 | IceCv    | Entered an ice cave
 14237 | IceCv    | Noticed a white very ugly thing
 14248 | IceCv    | Killed a white very ugly thing
 14387 | IceCv    | Found an ancient bone altar of Kikubaaqudgha.
 14508 | IceCv    | Received a gift from Trog
 14509 | IceCv    | Noticed a lich
 14522 | IceCv    | Killed a lich
 15204 | D:15     | Reached XP level 15. HP: 51/152 MP: 14/14
 15373 | D:15     | Found an ancient bone altar of Kikubaaqudgha.
 15605 | D:15     | Identified the +0 mace of Ibyomn {elec, Dex+2}
 16295 | Lair:1   | Entered Level 1 of the Lair of Beasts
 16771 | Lair:1   | Found a runed translucent gate.
 16772 | Lair:1   | Found a runed translucent gate.
 16775 | Lair:1   | Found a runed translucent gate.
 16776 | Lair:1   | Noticed Scrimshaw's ghost (journeyman OpSh)
 16835 | Lair:1   | Killed Scrimshaw's ghost
 17169 | Lair:1   | Found a runed translucent door.
 17858 | Lair:2   | Found a staircase to the Snake Pit.
 18283 | Lair:2   | Found a staircase to the Swamp.
 19343 | Lair:4   | Received a gift from Trog
 19554 | Lair:4   | Identified the amulet "Peuhus" {RegenMP Rampage Will++
                  | rCorr Str+3}
 19888 | Lair:4   | Found a staircase to the Slime Pits.
 19927 | Lair:4   | Found a viscous altar of Jiyva.
 20585 | Lair:5   | Entered Level 5 of the Lair of Beasts
 20990 | Lair:5   | Reached XP level 16. HP: 151/165 MP: 15/15
 21321 | Lair:5   | Received a gift from Trog
 22140 | Orc:1    | Entered Level 1 of the Orcish Mines
 22141 | Orc:1    | Noticed Erolcha
 22180 | Orc:1    | Killed Erolcha
 22395 | Orc:1    | Found Awar's Distillery.
 22402 | Orc:1    | Bought a potion of heal wounds for 65 gold pieces
 22581 | Orc:2    | Entered Level 2 of the Orcish Mines
 22598 | Orc:2    | Noticed Josephine
 22601 | Orc:2    | Identified the +2 battleaxe of Trog's Generosity {flame,
                  | rCorr} (Trog gifted it to you on level 2 of the Orcish
                  | Mines)
 22601 | Orc:2    | Received a gift from Trog
 22614 | Orc:2    | Killed Josephine
 22718 | Orc:2    | Found a staircase to the Elven Halls.
 23234 | Orc:2    | Found Roqeclu's Jewellery Shoppe.
 23270 | Orc:2    | Found Uheleh's Assorted Antiques.
 23438 | Orc:2    | Found Veyp's Distillery.
 23438 | Orc:2    | Found Eklol's Antique Armour Shop.
 23545 | Orc:2    | Bought a tiger eye-encrusted plate armour for 560 gold
                  | pieces
 23545 | Orc:2    | Identified the +8 plate armour "Moarodoarph" {rElec Dex+4
                  | SInv Stlth+} (You bought it in a shop on level 2 of the
                  | Orcish Mines)
 23600 | Vaults:3 | Identified the "Afex"
 23600 | Vaults:5 | Identified the "Voecrut"
 23600 | Vaults:5 | Identified the "Utza"
 23600 | Crypt:3  | Identified the of Heum
 23600 | Crypt:3  | Identified the of Mim Coiteke
 23600 | Elf:1    | Entered Level 1 of the Elven Halls
 23740 | Elf:1    | Found Ucwiafan's Jewellery Shoppe.
 23749 | Elf:1    | Found Qoptin Leuf's Antique Weapon Emporium.
 23811 | Elf:1    | Found Befalim's Weapon Boutique.
 23908 | Elf:1    | Received a gift from Trog
 23936 | Elf:1    | Reached ****** piety under Trog
 24008 | Elf:1    | Noticed Nikola
 24026 | Elf:1    | Killed Nikola
 24030 | Elf:1    | Reached XP level 17. HP: 94/178 MP: 16/16
 24680 | Elf:2    | Noticed Saint Roka
 24700 | Elf:2    | Killed Saint Roka
 25162 | Elf:2    | Received a gift from Trog
 25307 | Elf:2    | Paralysed by an air elemental for 1 turns
 25483 | Elf:2    | Found a huge runed translucent gate.
 25483 | Elf:2    | Found a huge runed translucent gate.
 25483 | Elf:2    | Found a huge runed translucent gate.
 25483 | Elf:2    | Found a huge runed translucent gate.
 25483 | Elf:2    | Found a huge runed translucent gate.
 25526 | Elf:2    | Found a portal to a secret trove of treasure.
 25818 | Elf:2    | Noticed a deep elf blademaster
 25824 | Elf:2    | Killed a deep elf blademaster
 26300 | Elf:3    | Entered Level 3 of the Elven Halls
 26337 | Elf:3    | Identified the +2 broad axe of Fee Simple {flame, Str+3}
                  | (Trog gifted it to you on level 3 of the Elven Halls)
 26337 | Elf:3    | Received a gift from Trog
 26495 | Elf:3    | Noticed Zenata
 26505 | Elf:3    | Killed Zenata
 26644 | Elf:3    | Noticed Louise
 26655 | Elf:3    | Killed Louise
 26835 | Elf:3    | Noticed a deep elf blademaster
 26893 | Elf:3    | Reached XP level 18. HP: 54/192 MP: 17/17
 27468 | Elf:3    | Identified the +1 rapier of the Egg {elec, Will+}
 27473 | Elf:3    | Identified the +0 chain mail "Mamiomil" {rN+}
 27474 | Elf:3    | Identified the +0 quarterstaff of Gravity {freeze, Int+3}
 27489 | Elf:3    | Identified the +1 shortbow "Qecoap" {heavy, rCorr Int+3
                  | SInv}
 27512 | Elf:3    | Identified the ring "Lop Zao" {Int+3 SInv}
 27913 | Elf:3    | Noticed Norris
 27945 | Elf:3    | Killed Norris
 28623 | Snake:1  | Entered Level 1 of the Snake Pit
 29457 | Snake:2  | Identified the +7 battleaxe of Navahik {venom, rC+ Int+3
                  | Stlth-}
 29520 | Snake:2  | Received a gift from Trog
 29725 | Snake:2  | Reached skill level 10 in Shields
 30692 | Snake:3  | Received a gift from Trog
 30742 | Snake:3  | Reached skill level 10 in Throwing
 31261 | Snake:3  | Noticed Mlioglotl
 31271 | Snake:3  | Killed Mlioglotl
 31272 | Snake:3  | Reached XP level 19. HP: 204/204 MP: 18/18
 31687 | Snake:3  | Received a gift from Trog
 31789 | Snake:4  | Entered Level 4 of the Snake Pit
 31810 | Snake:4  | Noticed Vashnia
 31826 | Snake:4  | Killed Vashnia
 32348 | Snake:4  | Found an opulent altar of Gozag.
 32732 | Snake:4  | Identified the +7 long sword of the Past {heavy, rF+ Int-3
                  | Dex+4} (Trog gifted it to you on level 4 of the Snake Pit)
 32732 | Snake:4  | Received a gift from Trog
 32824 | Snake:4  | Got a serpentine rune of Zot
 33353 | Slime:1  | Entered Level 1 of the Pits of Slime
 33369 | Slime:1  | Lost mutation: You possess an exceptional clarity of mind.
                  | [a shining eye]
 33387 | Slime:1  | Lost mutation: You are strong-willed. (Will+) [a shining
                  | eye]
 33863 | Slime:5  | Identified the of Vouxkac
 33863 | Slime:5  | Entered Level 5 of the Pits of Slime
 33914 | Slime:5  | Reached skill level 27 in Fighting
 33928 | Slime:5  | Reached skill level 15 in Armour
 34180 | Slime:5  | Found a viscous altar of Jiyva.
 34192 | Slime:5  | Reached XP level 20. HP: 147/216 MP: 19/19
 34201 | Slime:5  | Noticed the Royal Jelly
 34676 | Slime:5  | Gained mutation: You have hidden genetic potential. [a
                  | shining eye]
 34903 | Slime:5  | Found the +3 pair of mountain boots {steadfast, rC+}
 34905 | Slime:5  | Found the +8 demon trident "Rift" {distort, reach+}
 35180 | Slime:5  | Killed the Royal Jelly
 35665 | Slime:5  | Got a slimy rune of Zot
 35749 | Slime:5  | Identified the +2 pair of gloves of the Onion {rPois Dex+4}
 35784 | Slime:5  | Identified the +3 chain mail of Broken Taboos {Str+2}
 35890 | Slime:5  | Identified the +1 sling of the Enchanting Gods {drain,
                  | rElec Int-2 Dex+3}
 35894 | Slime:5  | Identified the +11 dire flail of Qalaj {heavy, Str-3 SInv
                  | Stlth+}
 35895 | Slime:5  | Identified the +4 bardiche "Inoofog" {venom, Fly Will-
                  | Str+8 Int-5}
 35906 | Slime:5  | Identified the +5 spear of Nekaotao {pain, rF- Will++
                  | rCorr}
 35928 | Slime:5  | Identified the +2 ring mail of the Cicada {Dex+3 SInv
                  | Stlth+}
 36388 | Vaults:1 | Entered Level 1 of the Vaults
 36627 | Elf:2    | You paid a toll of a +8 demon trident to enter a treasure
                  | trove
 36628 | Trove    | Entered a treasure trove
 36668 | Trove    | Identified the ring of the Ancients {MP+9 Slay+4}
 36692 | Trove    | Identified the ring of the Stopping Gods {Slay+2 SInv}
 36711 | Trove    | Identified the ring "Kocuh" {Fire rN+ Int+2 SInv}
 36720 | Trove    | Identified the +4 lajatang "Helu" {flame, +Blink rElec
                  | rPois Str+4}
 37623 | Vaults:1 | Found a gateway to a bazaar.
 37658 | Vaults:1 | Reached skill level 15 in Shields
 37699 | Bazaar   | Entered a bazaar
 37699 | Bazaar   | Found Behij's Book Emporium.
 37699 | Bazaar   | Found Nedajo's Jewellery Shop.
 37699 | Bazaar   | Found Ejity's Antique Weapon Shoppe.
 37699 | Bazaar   | Found Wuitisin's Antique Armour Shop.
 37701 | Bazaar   | Found Fum Xiceohy's Armour Boutique.
 37729 | Bazaar   | Bought the +3 warlock's mirror {omnireflect} for 520 gold
                  | pieces
 37729 | Bazaar   | Found the +3 warlock's mirror {omnireflect}
 37732 | Bazaar   | Bought a runed hat for 133 gold pieces
 37732 | Bazaar   | Bought a glowing cloak for 142 gold pieces
 38224 | Vaults:1 | Received a gift from Trog
 38685 | Vaults:2 | Reached skill level 1 in Evocations
 38975 | Vaults:2 | Reached XP level 21. HP: 163/224 MP: 20/20
 39155 | Vaults:2 | Found a transporter.
 39162 | Vaults:2 | Found a transporter.
 39162 | Vaults:2 | Noticed Kevimi's ghost (adept FeNe)
 39166 | Vaults:2 | Found a bloodstained altar of Trog.
 39436 | Vaults:2 | Received a gift from Trog
 39602 | Vaults:2 | Identified the +0 chain mail of Demons {rN++ Regen+ Int+4
                  | Dex-3}
 40031 | Vaults:3 | Found a staircase to the Crypt.
 40060 | Vaults:3 | Gained mutation: Your system is resistant to poisons.
                  | (rPois) [hidden potential]
 40607 | Vaults:2 | Killed Kevimi's ghost
 41140 | Vaults:3 | Received a gift from Trog
 42125 | Vaults:4 | Received a gift from Trog
 42465 | Vaults:4 | Found Agiwkim's Distillery.
 42473 | Vaults:4 | Bought a potion of heal wounds for 90 gold pieces
 42473 | Vaults:4 | Bought 2 potions of heal wounds for 180 gold pieces
 42473 | Vaults:4 | Bought a potion of heal wounds for 90 gold pieces
 43062 | Vaults:4 | Reached XP level 22. HP: 233/233 MP: 21/21
 43064 | Vaults:4 | Received a gift from Trog
 43181 | Vaults:5 | Entered Level 5 of the Vaults
 43182 | Vaults:5 | Noticed a golden dragon
 43183 | Vaults:5 | Noticed a golden dragon
 43248 | Vaults:5 | Noticed a golden dragon
 43256 | Vaults:4 | Reached skill level 27 in Axes
 43430 | Vaults:4 | Gained mutation: You have sharp toenails. [hidden
                  | potential]
 43430 | Vaults:4 | Lost mutation: You have hidden genetic potential. [hidden
                  | potential expressed]
 43529 | Vaults:5 | Noticed a dread lich
 43538 | Vaults:4 | Killed a dread lich
 43540 | Vaults:4 | Killed a golden dragon
 43935 | Vaults:5 | Received a gift from Trog
 43944 | Vaults:4 | Killed a golden dragon
 44223 | Vaults:5 | Identified the +0 robe of Experimentation {Fly rPois rC-
                  | Int+6}
 44351 | Vaults:5 | Killed a golden dragon
 44716 | Vaults:5 | Identified the staff "Minotaur's Bane" {rF+ rC+ rN++ Ice}
 45226 | Vaults:5 | Identified the ring of Damefe {rPois Int+3 SInv}
 45262 | Vaults:5 | Identified the staff "Loykk" {rN+ Air Earth}
 45263 | Vaults:5 | Identified the +3 pair of gloves of Akhlenwat {rPois rF+
                  | Slay+3}
 45496 | Vaults:5 | Found Vewnyth's Weapon Boutique.
 45829 | Vaults:5 | Noticed an ancient lich
 45841 | Vaults:5 | Killed an ancient lich
 45842 | Vaults:5 | Reached XP level 23. HP: 240/240 MP: 22/22
 45879 | Vaults:5 | Got a silver rune of Zot
 45883 | Vaults:5 | Identified the +1 leather armour "Guelul" {Rampage rElec}
 46471 | Swamp:1  | Entered Level 1 of the Swamp
 47033 | Swamp:1  | Received a gift from Trog
 47708 | Swamp:2  | Noticed Kirke
 47742 | Swamp:2  | Noticed Donald
 47746 | Swamp:2  | Killed Kirke
 47758 | Swamp:2  | Killed Donald
 48132 | Swamp:3  | Found the +8 trishula "Condemnation" {holy, anguish, *Noise
                  | Fly rN+}
 48178 | Swamp:3  | Found a runed translucent door.
 48178 | Swamp:3  | Noticed SirDiesAlot's ghost (adept OpFE)
 48257 | Swamp:3  | Killed SirDiesAlot's ghost
 48342 | Swamp:3  | Reached skill level 1 in Polearms
 48672 | Swamp:4  | Entered Level 4 of the Swamp
 48926 | Swamp:4  | Reached skill level 5 in Polearms
 48932 | Swamp:4  | Received a gift from Trog
 49016 | Swamp:4  | Got a decaying rune of Zot
 49286 | Swamp:4  | Noticed Roxanne
 49302 | Swamp:4  | Killed Roxanne
 49738 | Crypt:1  | Entered Level 1 of the Crypt
 50111 | Crypt:1  | Identified the +6 hand axe of the Stork {heavy, rC++} (Trog
                  | gifted it to you on level 1 of the Crypt)
 50111 | Crypt:1  | Received a gift from Trog
 50153 | Crypt:1  | Found a runed translucent gate.
 50156 | Crypt:1  | Found a runed translucent gate.
 50183 | Crypt:1  | Reached skill level 10 in Polearms
 50200 | Crypt:1  | Noticed Goociwk's ghost (adept GrFi)
 50206 | Crypt:1  | Noticed Zievuyg's ghost (adept MiFi)
 50207 | Crypt:1  | Found a runed translucent gate.
 50231 | Crypt:1  | Killed Zievuyg's ghost
 50251 | Crypt:1  | Killed Goociwk's ghost
 51159 | Crypt:2  | Reached XP level 24. HP: 240/249 MP: 22/22
 51678 | Crypt:3  | Entered Level 3 of the Crypt
 51727 | Crypt:3  | Received a gift from Trog
 51957 | Crypt:3  | Found the +2 cloak of the Thief {*Fog Slay-2 SInv Stlth+}
 51967 | Crypt:3  | Noticed Boris
 51983 | Crypt:3  | Killed Boris
 52311 | Crypt:3  | Noticed Jory
 52319 | Crypt:3  | Killed Jory
 52871 | Crypt:3  | Found a staircase to the Tomb.
 53297 | Crypt:3  | Noticed a dread lich
 53303 | Crypt:3  | Noticed an ancient lich
 53303 | Crypt:3  | Noticed a dread lich
 53311 | Crypt:3  | Killed an ancient lich
 53317 | Crypt:3  | Killed a dread lich
 53321 | Crypt:3  | Killed a dread lich
 53325 | Crypt:3  | Identified the ring of Huock {Fly rF+ Will+++ Str-4 Int+3}
 53644 | Depths:1 | Entered Level 1 of the Depths
 53778 | Depths:1 | Found a gateway to Hell.
 53797 | Depths:1 | Received a gift from Trog
 53803 | Depths:1 | Reached skill level 15 in Polearms
 54077 | Hell     | Entered the Vestibule of Hell
 54077 | Hell     | Noticed Geryon
 54095 | Hell     | Killed Geryon
 54568 | Hell     | Found a gateway to the ashen valley of Gehenna.
 54578 | Hell     | Received a gift from Trog
 54872 | Hell     | Found a gateway to the decaying netherworld of Tartarus.
 54924 | Hell     | Found a gateway to the freezing wastes of Cocytus.
 55057 | Hell     | Found a gateway to the Iron City of Dis.
 55572 | Depths:1 | Noticed Boris
 55581 | Depths:1 | Killed Boris
 55708 | Depths:1 | Reached XP level 25. HP: 257/257 MP: 22/22
 55799 | Depths:1 | Received a gift from Trog
 56074 | Depths:1 | Reached skill level 5 in Stealth
 56513 | Depths:1 | Found a one-way gate to the infinite horrors of the Abyss.
 56573 | Depths:1 | Found a shimmering blue altar of Sif Muna.
 57449 | Depths:2 | Found a one-way gate leading to the halls of Pandemonium.
 57781 | Depths:3 | Identified the +10 glaive of Excruciating Pain {flame,
                  | Stlth+} (Trog gifted it to you on level 3 of the Depths)
 57781 | Depths:3 | Received a gift from Trog
 58062 | Depths:3 | Noticed a juggernaut
 58080 | Depths:3 | Killed a juggernaut
 58085 | Depths:3 | Paralysed by a floating eye for 3 turns
 58340 | Depths:3 | Found a runed translucent door.
 58357 | Depths:3 | Paralysed by a floating eye for 2 turns
 58548 | Depths:3 | Found Vomuxeaq's Magic Scroll Shoppe.
 58690 | Depths:3 | Found Yptooc's Antique Armour Emporium.
 58695 | Depths:3 | Found Gilaro's Armour Emporium.
 58709 | Depths:3 | Reached skill level 10 in Dodging
 59136 | Depths:3 | Reached skill level 27 in Shields
 59195 | Depths:3 | Identified the +10 orcbow of True Grit {flame, rPois rF+
                  | Str+3 Dex-4}
 59284 | Depths:3 | Found an ancient bone altar of Kikubaaqudgha.
 59454 | Depths:3 | Bought the +18 shield of the Gong {Loud rN+ Will+ rCorr
                  | EV-5} for 2493 gold pieces
 59454 | Depths:3 | Found the +18 shield of the Gong {Loud rN+ Will+ rCorr
                  | EV-5}
 59484 | Depths:4 | Entered Level 4 of the Depths
 59484 | Depths:4 | Found a one-way gateway to a ziggurat.
 59487 | Depths:4 | Paralysed by a floating eye for 2 turns
 59494 | Depths:4 | Noticed a juggernaut
 59512 | Depths:4 | Killed a juggernaut
 59846 | Depths:4 | Found a gate to the Realm of Zot.
 59865 | Depths:4 | Received a gift from Trog
 60166 | Depths:4 | Identified the ring "Ipyr" {Wiz rPois Dex+3}
 60211 | Depths:4 | Found Rimy's Magic Scroll Shoppe.
 60367 | Depths:4 | Found a white marble altar of Elyvilon.
 60578 | Depths:4 | Bought a scroll of acquirement for 936 gold pieces
 60578 | Depths:4 | Acquired a manual of Evocations
 60633 | Tomb:3   | Identified the of Typtaeb
 60633 | Zig:1    | Entered Level 1 of a ziggurat
 60647 | Zig:2    | Entered Level 2 of a ziggurat
 60663 | Zig:3    | Entered Level 3 of a ziggurat
 60725 | Zig:4    | Entered Level 4 of a ziggurat
 60726 | Zig:4    | Noticed a juggernaut
 60736 | Zig:4    | Killed a juggernaut
 60752 | Zig:4    | Identified the +0 leather armour of Fun and Games {Str+9
                  | Dex-4 Stlth+}
 60758 | Zig:4    | Reached XP level 26. HP: 266/266 MP: 22/22
 60760 | Zig:5    | Entered Level 5 of a ziggurat
 60789 | Zig:5    | Identified the amulet of Pon Wifa {-Tele rF+ Regen+ Str+6
                  | Dex+3}
 60922 | Zig:6    | Entered Level 6 of a ziggurat
 60946 | Zig:6    | Reached XP level 27. HP: 264/273 MP: 22/22
 60959 | Zig:6    | Identified the +3 war axe of Unythust {flame, rElec rN+}
 60967 | Zig:6    | Reached skill level 5 in Evocations
 60969 | Zig:7    | Entered Level 7 of a ziggurat
 60975 | Zig:7    | Noticed a royal mummy
 60994 | Zig:7    | Killed a royal mummy
 61362 | Zig:8    | Entered Level 8 of a ziggurat
 61397 | Zig:8    | Identified the ring "Vubluw" {Will+ Dex+4}
 61421 | Zig:9    | Identified the "Xosuew"
 61421 | Zig:9    | Identified the "Ruiluch"
 61421 | Zig:9    | Entered Level 9 of a ziggurat
 61500 | Zig:10   | Entered Level 10 of a ziggurat
 61506 | Zig:10   | Noticed an ancient lich
 61525 | Zig:10   | HP: 13/273 [flayed ghost/flay_damage (3)]
 61527 | Zig:10   | HP: 5/273 [ancient lich (9)]
 61530 | Zig:10   | Killed an ancient lich
 61530 | Zig:10   | Received a gift from Trog
 61543 | Zig:10   | Identified the ring of the Lily {Fly Will+}
 61715 | Zig:11   | Entered Level 11 of a ziggurat
 61758 | Zig:11   | Identified the ring of the Kodama {rC+ Will- rCorr Slay+4}
 61761 | Zig:11   | Identified the +1 dire flail of Vengeance {freeze, Int+7}
 62099 | Zig:12   | Entered Level 12 of a ziggurat
 62247 | Zig:12   | Lost mutation: You have sharp toenails. [potion of
                  | mutation]
 62247 | Zig:12   | Lost mutation: Your system is resistant to poisons. (rPois)
                  | [potion of mutation]
 62248 | Zig:12   | Gained mutation: You sometimes lose the ability to drink
                  | potions when taking damage. [potion of mutation]
 62248 | Zig:12   | Gained mutation: You are strong-willed. (Will+) [potion of
                  | mutation]
 62257 | Zig:12   | Identified the staff of the Pariah {rF+ Int+9 Fire}
 62269 | Zig:12   | Identified the +8 arbalest "Eniff" {freeze, Int+2 SInv
                  | Stlth+}
 62271 | Zig:12   | Identified the +2 trident of Boetragh {protect, rElec}
 62438 | Zig:13   | Identified the of Qakkin
 62438 | Zig:13   | Entered Level 13 of a ziggurat
 62454 | Zig:13   | Found the amulet of the Air {Inacc Air Fly rElec RMsl}
 62527 | Zig:13   | Identified the +1 chain mail of the Lost Keeping Lies
                  | {+Blink Dex+3}
 62535 | Zig:13   | Lost mutation: You occasionally lose the ability to drink
                  | potions when taking damage. [potion of mutation]
 62535 | Zig:13   | Lost mutation: You are strong-willed. (Will+) [potion of
                  | mutation]
 62535 | Zig:13   | Gained mutation: You are robust. (+10% HP) [potion of
                  | mutation]
 62535 | Zig:13   | Gained mutation: Your magical capacity is low. (-10% MP)
                  | [potion of mutation]
 62535 | Zig:13   | Gained mutation: You occasionally lose the ability to drink
                  | potions when taking damage. [potion of mutation]
 62535 | Zig:13   | Gained mutation: You are strong-willed. (Will+) [potion of
                  | mutation]
 62536 | Zig:13   | Lost mutation: You are robust. (+10% HP) [potion of
                  | mutation]
 62536 | Zig:13   | Lost mutation: Your magical capacity is low. (-10% MP)
                  | [potion of mutation]
 62536 | Zig:13   | Lost mutation: You are strong-willed. (Will+) [potion of
                  | mutation]
 62536 | Zig:13   | Gained mutation: You are resistant to electric shocks.
                  | (rElec) [potion of mutation]
 62536 | Zig:13   | Gained mutation: You have very sharp teeth. [potion of
                  | mutation]
 62536 | Zig:13   | Gained mutation: You are weak. (Str -2) [potion of
                  | mutation]
 62536 | Zig:13   | Gained mutation: Your mind is acute. (Int +4, Str/Dex -1)
                  | [potion of mutation]
 62537 | Zig:13   | Lost mutation: You occasionally lose the ability to drink
                  | potions when taking damage. [potion of mutation]
 62537 | Zig:13   | Lost mutation: You have very sharp teeth. [potion of
                  | mutation]
 62537 | Zig:13   | Lost mutation: You are weak. (Str -2) [potion of mutation]
 62537 | Zig:13   | Gained mutation: You are frail. (-10% HP) [potion of
                  | mutation]
 62538 | Zig:13   | Lost mutation: You are resistant to electric shocks.
                  | (rElec) [potion of mutation]
 62538 | Zig:13   | Lost mutation: Your mind is acute. (Int +4, Str/Dex -1)
                  | [potion of mutation]
 62538 | Zig:13   | Gained mutation: You are agile. (Dex +4, Str/Int -1)
                  | [potion of mutation]
 62538 | Zig:13   | Gained mutation: You are very agile. (Dex +8, Str/Int -2)
                  | [potion of mutation]
 62539 | Zig:13   | Lost mutation: You are very agile. (Dex +8, Str/Int -2)
                  | [potion of mutation]
 62539 | Zig:13   | Lost mutation: You are frail. (-10% HP) [potion of
                  | mutation]
 62539 | Zig:13   | Lost mutation: You are agile. (Dex +4, Str/Int -1) [potion
                  | of mutation]
 62539 | Zig:13   | Gained mutation: Your magical capacity is low. (-10% MP)
                  | [potion of mutation]
 62539 | Zig:13   | Gained mutation: Your magical capacity is very low. (-20%
                  | MP) [potion of mutation]
 62540 | Zig:13   | Lost mutation: Your magical capacity is very low. (-20% MP)
                  | [potion of mutation]
 62540 | Zig:13   | Lost mutation: Your magical capacity is low. (-10% MP)
                  | [potion of mutation]
 62540 | Zig:13   | Gained mutation: You occasionally lose the ability to read
                  | scrolls when taking damage. [potion of mutation]
 62540 | Zig:13   | Gained mutation: You have sharp fingernails. [potion of
                  | mutation]
 62541 | Zig:13   | Lost mutation: You have sharp fingernails. [potion of
                  | mutation]
 62541 | Zig:13   | Lost mutation: You occasionally lose the ability to read
                  | scrolls when taking damage. [potion of mutation]
 62541 | Zig:13   | Gained mutation: Your body sometimes deteriorates upon
                  | taking damage. [potion of mutation]
 62541 | Zig:13   | Gained mutation: Your spells are a little harder to cast,
                  | but a little more powerful. [potion of mutation]
 62541 | Zig:13   | Gained mutation: Your mind is acute. (Int +4, Str/Dex -1)
                  | [potion of mutation]
 62541 | Zig:13   | Gained mutation: You are somewhat resistant to further
                  | mutation. [potion of mutation]
 62542 | Zig:13   | Lost mutation: Your body sometimes deteriorates upon taking
                  | damage. [potion of mutation]
 62542 | Zig:13   | Lost mutation: You are somewhat resistant to further
                  | mutation. [potion of mutation]
 62542 | Zig:13   | Gained mutation: You are clumsy. (Dex -2) [potion of
                  | mutation]
 62542 | Zig:13   | Gained mutation: You have large cloven feet. [potion of
                  | mutation]
 62543 | Zig:13   | Lost mutation: Your mind is acute. (Int +4, Str/Dex -1)
                  | [potion of mutation]
 62543 | Zig:13   | Lost mutation: You are clumsy. (Dex -2) [potion of
                  | mutation]
 62543 | Zig:13   | Lost mutation: You have large cloven feet. [potion of
                  | mutation]
 62543 | Zig:13   | Gained mutation: You are frail. (-10% HP) [potion of
                  | mutation]
 62544 | Zig:13   | Lost mutation: You are frail. (-10% HP) [potion of
                  | mutation]
 62544 | Zig:13   | Lost mutation: Your spells are a little harder to cast, but
                  | a little more powerful. [potion of mutation]
 62544 | Zig:13   | Gained mutation: You are covered in fur. (AC +1) [potion of
                  | mutation]
 62544 | Zig:13   | Gained mutation: You are clumsy. (Dex -2) [potion of
                  | mutation]
 62544 | Zig:13   | Gained mutation: Your natural rate of healing is unusually
                  | fast. [potion of mutation]
 62552 | Zig:14   | Entered Level 14 of a ziggurat
 62623 | Zig:14   | Found the +9 scales of the Dragon King {rPois rF+ rC+
                  | Will+}
 62636 | Zig:14   | Identified the +2 falchion "Wuumaxyst" {freeze, rF- Int+3
                  | Dex+5}
 62695 | Zig:14   | Reached skill level 27 in Armour
 62700 | Zig:15   | Entered Level 15 of a ziggurat
 62749 | Zig:15   | Reached skill level 10 in Evocations
 63072 | Zig:15   | Identified the +8 spear of Raff {pain, rCorr}
 63073 | Zig:15   | Identified the orb of Untruth {light, Stlth+}
 63079 | Zig:15   | Identified the +3 great mace of Severance {vamp, rF+ rCorr}
 63082 | Zig:15   | Identified the +9 falchion "Geludug" {drain, Fragile rPois
                  | rF- rCorr}
 63212 | Zig:16   | Identified the "Torupa"
 63212 | Zig:16   | Entered Level 16 of a ziggurat
 63252 | Zig:16   | Reached skill level 15 in Dodging
 63274 | Zig:16   | Identified the +6 scale mail "Ahu Vuhe" {rC+ rCorr MP+9
                  | Int+4}
 63280 | Zig:16   | Identified the +8 rapier of a sewer {antimagic, Will+}
 63292 | Zig:16   | Identified the +2 shadow dragon scales of Beloved the Good
                  | {Rampage Stlth++++}
 63348 | Zig:17   | Identified the "Zuopp"
 63348 | Zig:17   | Entered Level 17 of a ziggurat
 63366 | Zig:17   | Noticed a dread lich
 63373 | Zig:17   | Paralysed by a wendigo for 1 turns
 63394 | Zig:17   | Killed a dread lich
 63399 | Zig:17   | Paralysed by a wendigo for 1 turns
 63408 | Zig:17   | HP: 8/273 [blizzard demon/the air (27)]
 63412 | Zig:17   | Paralysed by a wendigo for 1 turns
 63461 | Zig:17   | Paralysed by a wendigo for 1 turns
 63503 | Zig:17   | Identified the +1 triple sword of Brutal Revenge {drain,
                  | rElec rPois}
 64049 | Snake:4  | Fell from the grace of Trog
 64049 | Snake:4  | Became a worshipper of Gozag Ym Sagoz the Greedy
 64373 | Tar:1    | Entered Level 1 of Tartarus
 65447 | Tar:2    | HP: 12/266 [???[a doom hound] (6)]
 65460 | Tar:2    | HP: 11/267 [doom hound (15)]
 65468 | Tar:2    | HP: 12/267 [putrid mouth][a doom hound] (6)]
 65471 | Tar:2    | Engulfed by a putrid mouth's foul pestilence

Illustrated notes

Levels and vault maps discovered:
D:1:      lightli_arrival_farm, layout_loops_ring, basic_ecumenical_altar
D:2:      layout_loops_ring, uniq_robin, uniq_terence
D:3:      layout_basic, minitemple, marbit_many_paths, uniq_grinder
D:4:      layout_rooms, nzn_wu_jian_council_hall, serial_shops, shop
D:5:      layout_basic, zin_treasury
D:6:      minmay_diamond_boxcup, layout_basic, minmay_temple_entry_butterflies
D:7:      layout_loops_ring, nicolae_hepliaklqana_hazy_memory, enter_bailey_4,
          uniq_jeremiah, uniq_prince_ribbit1
D:8:      minmay_recursive_quarters, layout_cave_pods, grunt_decor_mini_mirrors,
          uniq_erica
D:9:      layout_loops_ring, okawaru_trees_1, ebering_ghost_reflecting_pool
D:10:     minmay_tri_box, layout_irregular_city, dk_yredelemnul_ordeal
D:11:     layout_stronghold, hellmonk_lair_entry_icy,
          ploomutoo_gammafunk_ghost_potion_laboratory
D:12:     layout_gridville, david_orc_4, ebering_ghost_xom,
          minmay_ruined_shrine, uniq_jorgrun
D:13:     layout_roguey, serial_undead, serial_undead_d, serial_undead_f,
          serial_undead_e, serial_undead_c
D:14:     layout_cave_pods, hangedman_vaults_entry_quadrant_bands, basic_altar,
          dreamdust_wasp_nest
D:15:     gammafunk_enter_depths_forms, layout_loops_ring,
          kiku_gazebo_garden_becter, portal_ice_cave_entry_ice_simulacra
Lair:1:   gammafunk_lair_enchanted_lake, layout_hall_layers,
          ebering_ghost_rock_garden
Lair:2:   layout_gridlike, nicolae_swamp_entry_splash_gauntlet,
          guppyfry_snake_entry_garden, small_statue_intersection
Lair:3:   layout_concentric_octagons, lemuel_fruit_fields, lemuel_fruit_fields,
          serial_bayou_shore_a
Lair:4:   layout_layer_cave, nicolae_slime_entry_slimehenge,
          chequers_serial_rivers_small_b, nicolae_quartered_pool_super,
          chequers_serial_rivers_micro_c, minivault_26,
          eino_small_chamber_without_monster
Lair:5:   guppyfry_lair_end_dragon, layout_long_grid, hangedman_lair_in_review,
          dpeg_oklob_1
Swamp:1:  layout_basic_swamp, nicolae_swamp_big_swirl, swamp_pool4,
          nicolae_swamp_no_escape
Swamp:2:  layout_falls_marsh, nicolae_swamp_tree_isthmus, uniq_donald,
          uniq_kirke
Swamp:3:  layout_basic_swamp, hellmonk_ghost_happy_afterlife,
          evilmike_swamp_ruin_house_6
Swamp:4:  swamp_basic_johnstein, layout_basic_swamp, uniq_roxanne
Snake:1:  layout_misc_corridors
Snake:2:  layout_layer_cave, st_stairs_6, grunt_megastairs_4
Snake:3:  layout_basic, chequers_hall_statues_corner_a, uniq_mlioglotl
Snake:4:  minmay_snake_end_coiled, layout_basic, basic_altar, uniq_vashnia
Slime:1:  layout_caves
Slime:2:  layout_caves, cheibrodos_slime_lost_civilization_7
Slime:3:  layout_caves
Slime:4:  cheibrodos_slime_lost_civilization_8, layout_caves
Slime:5:  slime_pit_nicolae_trefoil
Orc:1:    layout_caves, serial_shops, nicolae_shop_just_a_little_nook,
          uniq_erolcha
Orc:2:    st_orc_town, layout_caves, hangedman_feature_mirror, uniq_josephine
Elf:1:    eino_elf_arrival_customs, layout_loops_ring, serial_shops, shop,
          hangedman_elf_disciples, minmay_shoptagon, uniq_nikola
Elf:2:    elven_hall_of_blades_hangedman_alternative [nicolae_blade_bullseye],
          layout_loops_ring, nicolae_trove_entry_crystal, uniq_saint_roka
Elf:3:    minmay_elf_hall_curves, layout_geoelf_castle, st_stairs_6,
          uniq_louise, uniq_zenata, uniq_norris
Vaults:1: vaults_room_fancy_cross, nicolae_vaults_closet_pinwheel_4, v_misc_9,
          v_misc_13, ontoclasm_vaults_gateway, ontoclasm_vaults_pinch,
          nicolae_vaults_stairing_the_circle, ontoclasm_vaults_ring_small,
          v_alt_pattern_2, vaults_room_grid, nicolae_vaults_closet_pinwheel_4,
          nicolae_vaults_storage_room_glass, nicolae_vaults_wine_cellar,
          ontoclasm_vaults_loading_screen, ontoclasm_vaults_twist,
          layout_vaults_omnicross, serial_shops, statue_bzr
Vaults:2: gammafunk_ghost_wrathful_warriors, nicolae_vaults_network_star,
          nicolae_vaults_an_arrangement, nicolae_vaults_tetromino_T_2,
          hangedman_vaults_restitches, v_alt_pattern_6, nicolae_vaults_six-pack,
          dpeg_vaults_monster_box, nicolae_vaults_little_squares_3,
          nicolae_vaults_storage_closets_1, layout_vaults_maze
Vaults:3: nicolae_vaults_offset_grid_hallway_4, nicolae_vaults_double_plus_2,
          minmay_crypt_entry_simple_round, v_misc_14,
          vaults_standard_mumra_lines, nicolae_vaults_wrenched, v_misc_5,
          nicolae_vaults_diamond_2, nicolae_vaults_variable_pillar_hall,
          nicolae_vaults_door_testing_chamber, vaults_room_ringed_pool,
          nicolae_vaults_more_shelving_1, hangedman_vaults_trim,
          nicolae_vaults_little_squares_5, nicolae_vaults_tangram_2,
          layout_vaults_omnibox
Vaults:4: nicolae_vaults_octothorpe, st_star, ontoclasm_vaults_hangar,
          hangedman_vaults_capsules, ontoclasm_vaults_shuriken,
          ontoclasm_vaults_ligature, nicolae_vaults_surprise_closet,
          layout_vaults_omnigrid, serial_shops, shop
Vaults:5
Crypt:1:  layout_chaotic_city, gammafunk_ghost_cemetery, grunt_megastairs_1
Crypt:2:  layout_misc_corridors
Crypt:3:  david_glass_crypt, layout_chaotic_city, tomb_entry_shell_bobbens,
          corexii_leaking_fountain, uniq_jory, uniq_boris
Depths:1: minmay_octo_star, layout_gridlike, hell_entry, abyss_entry_crystal,
          grunt_ministairs_4, serial_sigils_hangedman_writhe,
          lemuel_blue_sif_altar
Depths:2: nicolae_BIG_FREAKIN_CUBE, layout_cave_shapes, pan_entry,
          grunt_hell_horde, minmay_misc_feat_chi
Depths:3: minmay_the_grid_triangle_9x9_rhombus_thin
          [minmay_the_grid_triangle_9x9_corruption,
          minmay_the_grid_triangle_9x9_prize_schism,
          minmay_the_grid_triangle_9x9_subtriangle,
          minmay_the_grid_triangle_9x9_wacky_v], layout_basic, serial_shops,
          nicolae_shop_tiny_statue_garden, abyss_entry, lemuel_crystal_altar,
          hell_entry, infiniplex_staircase_zigzag_1, minmay_shop_star
Depths:4: grunt_zot_entry_alcove, layout_cave_pools, enter_ziggurat_f,
          serial_shops, nicolae_shop_tiny_statue_garden, hell_entry,
          elyvilon_altar_3
Hell
Tar:1:    layout_catacombs
Tar:2:    layout_honeycomb

Skill      XL: |  1  2  3  4  5  6  7  8  9 10 11 12 13 14 15 16 17 18 19 20 21 22 23 24 25 26 27 |
---------------+----------------------------------------------------------------------------------+-----
Fighting       | 4 5 6 7 8 9 10 12 14 16 19 20 22 24 25 27 | 27.0
Axes           | 4 6 7 8 10 12 14 16 18 19 20 21 22 23 24 26 27 | 27.0
Armour         | 3 4 5 6 7 8 9 10 11 12 13 14 15 16 17 19 20 21 24 27 | 27.0
Throwing       | 1 3 4 5 7 9 10 11 13 | 13.5
Dodging        | 3 4 5 6 7 8 9 10 11 16 | 16.1
Stealth        | 1 2 3 4 6 9 |  9.6
Shields        | 1 3 4 6 7 8 10 12 16 19 22 24 25 27 | 27.0
Evocations     | 3 4 13 | 13.4
Polearms       | 12 16 | 16.6

Action                     |  1- 3 |  4- 6 |  7- 9 | 10-12 | 13-15 | 16-18 | 19-21 | 22-24 | 25-27 || total
---------------------------+-------+-------+-------+-------+-------+-------+-------+-------+-------++-------
  Melee: Hand axe          |    89 |    93 |   128 |       |       |       |       |       |       ||   310
         Headbutt          |     6 |    16 |    24 |    59 |   207 |   305 |   447 |   447 |   446 ||  1957
         Punch             |       |     2 |     1 |       |       |       |       |       |       ||     3
         War axe           |       |       |    27 |       |       |       |       |       |       ||    27
         Broad axe         |       |       |     8 |   382 |   836 |  1134 |  1294 |   713 |  1226 ||  5593
         Trishula          |       |       |       |       |       |       |       |   921 |    64 ||   985
  Throw: Boomerang         |       |    42 |    31 |    72 |   180 |   149 |    68 |       |       ||   542
         Javelin           |       |       |       |     4 |       |       |       |       |       ||     4
 Invoke: Trog's Hand       |       |     2 |     1 |     7 |     7 |     3 |     3 |     1 |     7 ||    31
         Berserk           |       |     1 |     4 |     2 |     6 |     3 |     1 |     4 |       ||    21
         Brothers in Arms  |       |       |       |       |     5 |    13 |    15 |     8 |    17 ||    58
  Evoke: Wand              |       |       |       |       |       |       |    31 |       |     5 ||    36
         Lightning rod     |       |       |       |       |       |       |     1 |       |       ||     1
    Use: Scroll            |       |     7 |     3 |    13 |    11 |     3 |    14 |       |    15 ||    66
         Potion            |       |       |       |       |     2 |     3 |     3 |       |    36 ||    44
   Stab: Distracted        |       |       |       |       |       |     3 |     3 |     5 |     5 ||    16
         Invisible         |       |       |       |       |       |       |       |       |     4 ||     4
 Armour: Animal skin       |    12 |       |       |       |       |       |       |       |       ||    12
         Chain mail        |    65 |    53 |     3 |       |       |       |       |       |       ||   121
         Scale mail        |       |       |   132 |   251 |   467 |   129 |       |       |       ||   979
         Plate armour      |       |       |       |       |       |   423 |   574 |   849 |   512 ||  2358
         Gold dragon scale |       |       |       |       |       |       |       |       |   247 ||   247
  Dodge: Dodged            |    55 |    32 |   109 |   134 |   288 |   312 |   391 |   634 |   212 ||  2167
  Block: Buckler           |       |       |       |    60 |   260 |    67 |   238 |   763 |   138 ||  1526
         Reflection        |       |       |       |     1 |    10 |       |    81 |    74 |    17 ||   183
         Tower shield      |       |       |       |       |       |   331 |   442 |       |       ||   773
         Kite shield       |       |       |       |       |       |       |       |       |   927 ||   927

Table legend: (Time is in decaauts)
 A = Elapsed time spent in this place.
 B = Non-inter-level travel time spent in this place.
 C = Inter-level travel time spent in this place.
 D = Time resting spent in this place.
 E = Time spent auto-exploring this place.
 F = Levels seen in this place.
 G = Mean time per level.
                   A        B        C        D        E       F      G
               +--------+--------+--------+--------+--------+-----+--------+
         Total |  63201 |  58189 |   5012 |   9426 |  37266 |  74 |  854.1 |
       Dungeon |  15814 |  13828 |   1986 |   1171 |  10273 |  15 | 1054.3 |
          Lair |   6198 |   5360 |    838 |     90 |   4384 |   5 | 1239.6 |
         Swamp |   2719 |   2527 |    192 |      0 |   1984 |   4 |  679.8 |
     Snake Pit |   4564 |   4295 |    269 |    220 |   3260 |   4 | 1141.0 |
    Slime Pits |   2719 |   2675 |     44 |   1506 |    419 |   5 |  543.8 |
  Orcish Mines |   1460 |   1317 |    143 |      0 |   1133 |   2 |  730.0 |
   Elven Halls |   4818 |   4351 |    467 |    964 |   2572 |   3 | 1606.0 |
        Vaults |   8752 |   8153 |    599 |   1805 |   5062 |   5 | 1750.4 |
         Crypt |   3546 |   3453 |     93 |      3 |   2815 |   3 | 1182.0 |
        Depths |   5916 |   5620 |    296 |    943 |   3784 |   4 | 1479.0 |
          Hell |    957 |    907 |     50 |    309 |    338 |   1 |  957.0 |
      Tartarus |    863 |    833 |     30 |    267 |    357 |   2 |  431.5 |
      Ziggurat |   2825 |   2825 |      0 |   1297 |    409 |  17 |  166.2 |
        Bazaar |     45 |     45 |      0 |      0 |     33 |   1 |   45.0 |
         Trove |    224 |    224 |      0 |      0 |    164 |   1 |  224.0 |
        Bailey |    811 |    811 |      0 |    461 |     31 |   1 |  811.0 |
      Ice Cave |    964 |    964 |      0 |    386 |    246 |   1 |  964.0 |
               +--------+--------+--------+--------+--------+-----+--------+

Top non-repeatable levels by time:
Vaults:4: 2691 daAuts
Depths:1: 2088 daAuts
   Elf:3: 1997 daAuts
 Slime:5: 1820 daAuts
    D:12: 1785 daAuts
Vaults:2: 1760 daAuts
 Crypt:3: 1706 daAuts
Depths:3: 1650 daAuts
   Elf:2: 1617 daAuts
  Lair:1: 1586 daAuts
Vaults:1: 1479 daAuts
  Lair:4: 1465 daAuts
    D:15: 1432 daAuts
Vaults:5: 1423 daAuts
Vaults:3: 1397 daAuts
